 Dungeon Sprint DCSS version 0.23-a0-358-g98c7a59 (webtiles) character file.

25 schets the Magician (level 3, -1/32 HPs)
             Began as a Gnoll Wanderer on Oct 22, 2018.
             Slain by an ogre
             ... wielding a +0 giant club
              (14 damage)
             ... in the Dungeon (Sprint I: "Red Sonja").
             The game lasted 00:00:35 (253 turns).

schets the Magician (Gnoll Wanderer)                 Turns: 253, Time: 00:00:35

Health: -1/32      AC:  2    Str: 14    XL:     3   Next: 4%
Magic:  11/11      EV: 12    Int: 14    God:
Gold:   0          SH:  0    Dex: 15    Spells: 15/16 levels left

rFire    . . .     SeeInvis .   e - +0 dagger
rCold    . . .     Gourm    .   (no shield)
rNeg     . . .     Faith    .   d - +0 robe
rPois    .         Spirit   .   (no helmet)
rElec    .         Reflect  .   (no cloak)
rCorr    .         Harm     .   (no gloves)
MR       .....     NoTele   +   (no boots)
Stlth    ++........             (no amulet)
HPRegen  0.10/turn              (no ring)
MPRegen  0.12/turn              (no ring)

@: no status effects
A: distributed training, fangs 1, strong nose
a: no special abilities


You were in the Dungeon.
You were not hungry.

You visited 1 branch

Inventory:

Hand Weapons
 e - a +0 dagger (weapon)
Armour
 d - a +0 robe (worn)
Scrolls
 l - a scroll of blinking
Potions
 g - a potion of curing
 j - 2 potions of magic
 k - a potion of berserk rage
Comestibles
 f - a ration


   Skills:
 + Level 4.9 Fighting
 + Level 1.7 Short Blades
 + Level 1.7 Long Blades
 + Level 1.7 Axes
 + Level 1.7 Maces & Flails
 + Level 1.7 Polearms
 + Level 1.7 Staves
 + Level 1.7 Slings
 + Level 1.7 Bows
 + Level 1.7 Crossbows
 + Level 1.7 Throwing
 + Level 3.1 Armour
 + Level 1.7 Dodging
 + Level 1.7 Stealth
 + Level 4.9 Shields
 + Level 1.7 Unarmed Combat
 + Level 7.3 Spellcasting
 + Level 1.3 Conjurations
 + Level 1.3 Hexes
 + Level 1.3 Charms
 + Level 1.3 Summonings
 + Level 1.3 Necromancy
 + Level 1.3 Translocations
 + Level 1.3 Transmutations
 + Level 1.3 Fire Magic
 + Level 1.3 Ice Magic
 + Level 2.5 Air Magic
 + Level 1.3 Earth Magic
 + Level 2.5 Poison Magic
 + Level 1.9 Invocations
 + Level 1.7 Evocations


You had 15 spell levels left.
You knew the following spells:

 Your Spells              Type           Power        Failure   Level  Hunger
a - Shock                 Conj/Air       ##..         6%          1    None

Your spell library contained the following spells:

 Spells                   Type           Power        Failure   Level  Hunger
 Pain                     Necr           #...         8%          1    None
 Sandblast                Erth           #.....       8%          1    None
 Swiftness                Chrm/Air       ##......     10%         2    None
 Static Discharge         Conj/Air       ##......     19%         3    ##.....
 Stone Arrow              Conj/Erth      #.....       24%         3    ##.....
 Vampiric Draining        Necr           #.........   24%         3    ##.....
 Airstrike                Air            ##........   43%         4    ####...
 Lightning Bolt           Conj/Air       ##........   86%         5    #####..


Dungeon Overview and Level Annotations

Branches:
Dungeon (1/1)

Altars:


Innate Abilities, Weirdness & Mutations

Your experience applies equally to all skills.
You have very sharp teeth.
Your uncanny sense of smell can sniff out nearby items.


Message History

Magic restored.
You start resting.
HP restored.
You start waiting.
You open the door.
An ogre comes into view. It is wielding a +0 giant club.
The ogre hits you with a +0 giant club!
There is an open door here.
You barely miss the ogre. The ogre completely misses you.
You hit the ogre but do no damage. You hit the ogre.
The ogre is lightly wounded.
The ogre barely misses you.
You hit the ogre but do no damage. You bite the ogre.
The ogre is lightly wounded.
The ogre hits you with a +0 giant club!
You hit the ogre.
The ogre is moderately wounded.
The ogre hits you with a +0 giant club!
You die...

##########
#<.#..@O.#
∆
#..[..#..+
∆
#..#####+#
#..# ∆∆
∆∆∆ #..#
∆∆ #..#
#⌠⌠# ####
∆∆


You could see an ogre.

Vanquished Creatures
  Ijyb (D)
1 creature vanquished.

Notes
Turn   | Place    | Note
-------+----------+-------------------------------------------
     0 | D        | schets the Gnoll Wanderer began the quest for the Orb.
     0 | D        | schets set off with: a +0 robe, a +0 dagger, a ration, a
                  | potion of curing, a potion of heal wounds, a potion of
                  | haste, 2 potions of magic, a potion of berserk rage, a
                  | scroll of blinking
     0 | D        | Reached XP level 1. HP: 20/20 MP: 8/8
     2 | D        | Learned a level 1 spell: Shock
     3 | D        | Noticed Ijyb
    26 | D        | HP: 1/20 [Ijyb (4)]
    45 | D        | Killed Ijyb
    45 | D        | Reached skill level 1 in Short Blades
    45 | D        | Reached skill level 1 in Long Blades
    45 | D        | Reached skill level 1 in Axes
    45 | D        | Reached skill level 1 in Maces & Flails
    45 | D        | Reached skill level 1 in Polearms
    45 | D        | Reached skill level 1 in Staves
    45 | D        | Reached skill level 1 in Slings
    45 | D        | Reached skill level 1 in Bows
    45 | D        | Reached skill level 1 in Crossbows
    45 | D        | Reached skill level 1 in Throwing
    45 | D        | Reached skill level 1 in Dodging
    45 | D        | Reached skill level 1 in Stealth
    45 | D        | Reached skill level 1 in Unarmed Combat
    45 | D        | Reached skill level 1 in Conjurations
    45 | D        | Reached skill level 1 in Hexes
    45 | D        | Reached skill level 1 in Charms
    45 | D        | Reached skill level 1 in Summonings
    45 | D        | Reached skill level 1 in Necromancy
    45 | D        | Reached skill level 1 in Translocations
    45 | D        | Reached skill level 1 in Transmutations
    45 | D        | Reached skill level 1 in Fire Magic
    45 | D        | Reached skill level 1 in Ice Magic
    45 | D        | Reached skill level 1 in Earth Magic
    45 | D        | Reached skill level 1 in Invocations
    45 | D        | Reached skill level 1 in Evocations
    45 | D        | Reached XP level 2. HP: 16/26 MP: 2/10
    45 | D        | Reached XP level 3. HP: 20/32 MP: 2/11
   247 | D        | Noticed an ogre
   253 | D        | Slain by an ogre

Vault maps used:
D:        dungeon_sprint_1

Skill      XL: |  1 |
---------------+----+-----
Short Blades   | 1 |  1.7
Long Blades    | 1 |  1.7
Axes           | 1 |  1.7
Maces & Flails | 1 |  1.7
Polearms       | 1 |  1.7
Staves         | 1 |  1.7
Slings         | 1 |  1.7
Bows           | 1 |  1.7
Crossbows      | 1 |  1.7
Throwing       | 1 |  1.7
Armour         | 3 |  3.1
Dodging        | 1 |  1.7
Stealth        | 1 |  1.7
Unarmed Combat | 1 |  1.7
Conjurations   | 1 |  1.3
Hexes          | 1 |  1.3
Charms         | 1 |  1.3
Summonings     | 1 |  1.3
Necromancy     | 1 |  1.3
Translocations | 1 |  1.3
Transmutations | 1 |  1.3
Fire Magic     | 1 |  1.3
Ice Magic      | 1 |  1.3
Air Magic      | 2 |  2.5
Earth Magic    | 1 |  1.3
Poison Magic   | 2 |  2.5
Invocations    | 1 |  1.9
Evocations     | 1 |  1.7
Fighting       | |  4.9
Shields        | |  4.9
Spellcasting   | |  7.3

Action                   || total
-------------------------++-------
Melee: Dagger            ||    34
       Bite              ||     4
 Cast: Shock             ||     8
  Use: Potion            ||     2
Armor: Robe              ||     9
Dodge: Dodged            ||    15

Table legend:
 A = Non-vault XP
 B = Vault XP
 C = Vault XP percentage of total XP
 D = Non-vault monster count
 E = Vault monster count
 F = Vault count percentage of total count
                 A         B        C        D         E       F
            +---------+---------+-------+---------+---------+-------
      Total |       0 |      36 | 100.0 |       0 |       1 | 100.0
            +---------+---------+-------+---------+---------+-------
          D |       0 |      36 | 100.0 |       0 |       1 | 100.0
            +---------+---------+-------+---------+---------+-------
